 Dungeon Crawl Stone Soup version 0.18-a0-1123-gbd92598 (webtiles) character file.

136 MrRokkomies the Skirmisher (level 5, -1/61 HPs)
             Began as an Ogre Skald on Jan 19, 2016.
             Succumbed to a worker ant's poison
             ... on level 4 of the Dungeon.
             The game lasted 00:04:54 (2366 turns).

MrRokkomies the Skirmisher (Ogre Skald)             Turns: 2366, Time: 00:04:55

Health: -1/61      AC:  4    Str: 17    XL:     5   Next: 19%
Magic:  8/8        EV:  9    Int: 12    God:
Gold:   112        SH:  0    Dex:  9    Spells: 3 memorised, 2 levels left

rFire  . . .     SeeInvis .     a - +0 mace
rCold  + . .     Gourm    .     n - +1 robe {rC+}
rNeg   . . .     Faith    .     (no shield)
rPois  .         Spirit   .     (helmet restricted)
rElec  .         Dismiss  .     (no cloak)
rCorr  .         Reflect  .     (gloves unavailable)
SustAt .         Harm     .     (boots unavailable)
MR     .....                    h - amulet of magic regeneration
Stlth  +.........               (no ring)
                                (no ring)

@: lethally poisoned (-1 -> -14), not resistant to hostile enchantments, very
unstealthy
A: unfitting armour, tough skin 1
a: no special abilities


You were on level 4 of the Dungeon.
You were very hungry.

You visited 1 branch of the dungeon, and saw 4 of its levels.

You collected 112 gold pieces.

Inventory:

Hand Weapons
 a - a +0 mace (weapon)
Missiles
 b - 14 poisoned needles
 i - 115 stones (quivered)
 r - 2 exploding tomahawks
Armour
 n - a +1 robe of cold resistance (worn)
Jewellery
 h - an amulet of magic regeneration (around neck)
Scrolls
 e - 2 scrolls of identify
 l - a scroll of remove curse
Potions
 j - a potion of mutation
 t - a potion of lignification {unknown}
 u - a potion of curing {unknown}
 v - 2 potions of might
Books
 c - a book of Battle

   Spells                             Type                      Level
   a - Infusion                       Charms                       1
   b - Shroud of Golubria             Charms/Translocation         2
   c - Song of Slaying                Charms                       2
   d - Spectral Weapon                Hexes/Charms                 3
   e - Regeneration                   Charms/Necromancy            3
Comestibles
 d - a bread ration
 g - a meat ration
 k - 2 slices of pizza
 o - a royal jelly
 q - a beef jerky
 s - 3 fruits


   Skills:
 * Level 6.7 Fighting
 * Level 3.1 Maces & Flails
 - Level 1.3 Dodging
 - Level 2.4 Spellcasting
 - Level 2.1 Charms


You had 2 spell levels left.
You knew the following spells:

 Your Spells              Type           Power        Failure   Level  Hunger
a - Infusion              Chrm           #...         12%         1    ##.....
b - Shroud of Golubria    Chrm/Tloc      #.........   28%         2    ###....
c - Spectral Weapon       Hex/Chrm       #.......     56%         3    ####...


Dungeon Overview and Level Annotations

Branches:
Dungeon (4/15)
 Temple: D:4-7

Altars:

Annotations:
D:2 Crazy Yiuf
D:3 MrRokkomies's ghost, amateur OgSk


Innate Abilities, Weirdness & Mutations

You are too large for most types of armour.
You have tough skin (AC +1).


Message History

You feel sick. The worker ant bites you.
* * * LOW HITPOINT WARNING * * *
You hit the worker ant.
The worker ant is severely wounded.
* * * LOW HITPOINT WARNING * * *
You feel sick. The worker ant bites you!
* * * LOW HITPOINT WARNING * * *
The worker ant bites you.
* * * LOW HITPOINT WARNING * * *
Drink which item? (? for menu, Esc to quit)
It was a potion of agility.
You feel agile all of a sudden.
* * * LOW HITPOINT WARNING * * *
You feel sick. The worker ant closely misses you.
Drink which item? (? for menu, Esc to quit)
It was a potion of cancellation.
Your magical effects are unravelling.
You feel magically purged.
You feel a little less agile now.
You die...

### ....
.....
......######
......'a@..#
......####.#
..... #.#
...# #.# ..
#.# . #<#
###


You could see a worker ant.

Vanquished Creatures
  Terence (D:2)
  A hound skeleton (D:4)
  Robin (D:2)
  3 adders
  A worm (D:2)
  2 giant geckos (D:2)
  An orc (D:3)
  11 goblins
  6 hobgoblins
  3 jackals
  A quokka (D:2)
  6 bats
  3 giant newts (D:2)
  5 kobolds
  9 rats
54 creatures vanquished.

Notes
Turn   | Place    | Note
--------------------------------------------------------------
     0 | D:1      | MrRokkomies the Ogre Skald began the quest for the Orb.
     0 | D:1      | Reached XP level 1. HP: 22/22 MP: 3/3
     2 | D:1      | Noticed a naga
     2 | D:1      | Noticed a felid
     4 | D:1      | Noticed a merfolk
     4 | D:1      | Noticed an octopode
     6 | D:1      | Noticed a troll
     8 | D:1      | Noticed a halfling
    10 | D:1      | Noticed a human
    10 | D:1      | Noticed a formicid
    12 | D:1      | Noticed a dwarf
    12 | D:1      | Noticed an elf
    14 | D:1      | Noticed an ogre
    14 | D:1      | Noticed a demonspawn
    16 | D:1      | Noticed a draconian
    18 | D:1      | Noticed a vampire
    18 | D:1      | Noticed a demigod
    20 | D:1      | Noticed a centaur
    20 | D:1      | Noticed a minotaur
    22 | D:1      | Noticed a ghoul
    22 | D:1      | Noticed a vine stalker
    24 | D:1      | Noticed a spriggan
    26 | D:1      | Noticed a gargoyle
    26 | D:1      | Noticed a tengu
    52 | D:1      | Reached skill level 3 in Fighting
   430 | D:1      | Reached XP level 2. HP: 22/32 MP: 5/5
   814 | D:1      | Reached skill level 4 in Fighting
  1012 | D:2      | Noticed Terence
  1028 | D:2      | Killed Terence
  1028 | D:2      | Reached skill level 5 in Fighting
  1028 | D:2      | Reached XP level 3. HP: 15/42 MP: 6/6
  1362 | D:2      | Reached XP level 4. HP: 35/50 MP: 7/7
  1385 | D:2      | Learned a level 2 spell: Shroud of Golubria
  1389 | D:2      | Learned a level 3 spell: Spectral Weapon
  1592 | D:2      | Noticed Robin
  1611 | D:2      | Killed Robin
  1611 | D:2      | Reached skill level 6 in Fighting
  2137 | D:2      | Noticed Crazy Yiuf
  2207 | D:3      | Reached XP level 5. HP: 57/61 MP: 8/8
  2301 | D:3      | Noticed MrRokkomies's ghost (amateur OgSk)
  2364 | D:4      | HP: 2/61 [worker ant (6)]
  2366 | D:4      | Succumbed to a worker ant's poison

Vault maps used:
D:1:      kb_arrival_jail
D:2:      uniq_robin, uniq_crazy_yiuf_cottage, uniq_terence
D:3:      serial_aquarium, aquarium_bridge_square, aquarium_bridge_square,
          aquarium_window_1, aquarium_window_1, aquarium_view_2f,
          aquarium_balcony_1b, aquarium_pool_2

Action                   |  1- 3 |  4- 6 || total
-------------------------+-------+-------++-------
Melee: Mace              |    83 |   114 ||   197
Throw: Stone             |       |     7 ||     7
 Cast: Shroud of Golubri |       |     2 ||     2
  Use: Potion            |     2 |     2 ||     4
       Scroll            |     3 |     1 ||     4
 Stab: Sleeping          |       |     1 ||     1
  Eat: Chunk             |     1 |     3 ||     4
